 Dungeon Crawl Stone Soup version 0.27-a0-607-g1ad3dbde53 (webtiles) character file.

Game seed: 10981110519419904083

33 Allula97 the Ruffian (level 3, -2/28 HPs)
             Began as a Draconian Transmuter on Mar 13, 2021.
             Slain by a gnoll
             ... wielding a +0 halberd
              (4 damage)
             ... on level 2 of the Dungeon.
             The game lasted 00:02:15 (1275 turns).

Allula97 the Ruffian (Draconian Transmuter)         Turns: 1275, Time: 00:02:15

Health: -2/28      AC:  6    Str: 10 (13) XL:     3   Next: 12%
Magic:  6/6        EV: 12    Int: 12 (13) God:
Gold:   62         SH:  0    Dex:  9 (11) Spells: 5/6 levels left

rFire    . . .     SeeInvis +     - Unarmed
rCold    . . .     Faith    .   (no shield)
rNeg     . . .     Spirit   .   (armour unavailable)
rPois    .         Reflect  .   (helmet restricted)
rElec    .         Harm     .   h - +0 cloak
rCorr    .         Rampage  .   (no gloves)
Will     .....                  (no boots)
Stlth    +.........             (no amulet)
HPRegen  0.09/turn              c - ring of see invisible
MPRegen  0.10/turn              (no ring)

@: mighty, hasted, very quick
A: unfitting armour, cold-blooded, AC +5
a: no special abilities


You were on level 2 of the Dungeon.
You visited 1 branch of the dungeon, and saw 2 of its levels.

You collected 62 gold pieces.

Inventory:

Armour
 h - a +0 cloak (worn)
Jewellery
 c - a ring of see invisible (right hand)
Scrolls
 b - 2 scrolls of noise {unknown}
 d - 2 scrolls of identify {unknown}
 e - a scroll of immolation {unknown}
 g - 2 scrolls of teleportation {unknown}
 m - a scroll of enchant armour {unknown}
Potions
 f - a potion of heal wounds {unknown}
 j - a potion of curing {unknown}
 k - a potion of degeneration


   Skills:
 * Level 1.6 Fighting
 * Level 2.0 Dodging
 * Level 0.4 Stealth
 * Level 3.5 Unarmed Combat
 * Level 2.2 Spellcasting
 * Level 2.1 Transmutations


You had 5 spell levels left.
You knew the following spells:

 Your Spells              Type           Power      Damage    Failure   Level
a - Beastly Appendage     Tmut           12%        N/A       11%         1

Your spell library contained the following spells:

 Spells                   Type           Power      Damage    Failure   Level
 Wereblood                Tmut           6%         N/A       17%         2
 Spider Form              Tmut/Pois      1%         N/A       45%         3
 Ice Form                 Ice/Tmut       3%         N/A       86%         4
 Blade Hands              Tmut           3%         N/A       97%         5


Dungeon Overview and Level Annotations

Branches:
Dungeon (2/15)

Altars:


Innate Abilities, Weirdness & Mutations

Your plain brown scales are hard. (AC +5)
You cannot fit into any form of body armour.
You are cold-blooded and may be slowed by cold attacks.


Message History

The bat barely misses you.
It was a potion of degeneration.
There was something very wrong with that liquid.
You feel weakened.
You feel dopey.
You feel clumsy. The bat closely misses you. The bat hits you.
It was a potion of haste.
You feel yourself speed up. The bat hits you but does no damage.
The bat hits you.
A frilled lizard comes into view.
You are too injured to fight recklessly!
You barely miss the bat.
The frilled lizard hisses angrily.
The bat hits you. The bat barely misses you.
The bat hits you but does no damage.
You barely miss the bat. The bat closely misses you. x2
You punch the bat!
You kill the bat!
The bat hits you but does no damage.
You hit the bat.
You kill the bat!
The gnoll hits you.
* * * LOW HITPOINT WARNING * * *
The gnoll barely misses you.
You hit the gnoll.
The gnoll is moderately wounded.
The gnoll hits you.
* * * LOW HITPOINT WARNING * * *
You barely miss the gnoll.
The gnoll is moderately wounded.
The gnoll hits you but does no damage.
You completely miss the gnoll.
The gnoll is moderately wounded.
The goblin shouts!
The gnoll hits you.
* * * LOW HITPOINT WARNING * * *
The goblin wields a +1 hunting sling of freezing.
It is covered in frost.
The goblin shoots a stone.
The stone barely misses you.
You punch the gnoll!
The gnoll is severely wounded.
The gnoll hits you from afar with a +0 halberd.
You die...

..#[.....#.....
.......>...#
....l....### #
.............# #..
...........#.##...#
(. ...#.............#
#.###.#..........)...
#......).####........
.........#gg@..######
.........gl##.##
..........###..#
.............#.#
...............#
.........#...#..#
.........##......
.........# ..).g.
.........# ###...


You could see 3 gnolls, a goblin and a frilled lizard.

Vanquished Creatures
  A dart slug (D:1)
  A giant cockroach (D:1)
  4 goblins (D:1)
  5 hobgoblins (D:1)
  4 jackals (D:1)
  6 bats
  2 frilled lizards (D:1)
  4 kobolds (D:1)
  A rat (D:1)
28 creatures vanquished.

Notes
Turn   | Place    | Note
-------+----------+-------------------------------------------
     0 | D:1      | Allula97 the Draconian Transmuter began the quest for the
                  | Orb.
     0 | D:1      | Reached XP level 1. HP: 16/16 MP: 3/3
    31 | D:1      | Reached XP level 2. HP: 20/23 MP: 3/5
   925 | D:1      | Reached XP level 3. HP: 28/28 MP: 6/6
  1275 | D:2      | Slain by a gnoll

Illustrated notes

Levels and vault maps discovered:
D:1:      tarquinn_simple_flora_water_f, layout_basic
D:2:      layout_rooms, kennysheep_slug_shrine

Skill      XL: |  1  2 |
---------------+-------+-----
Dodging        | 2 |  2.0
Fighting       | |  1.6
Stealth        | |  0.4
Unarmed Combat | |  3.5
Spellcasting   | |  2.2
Transmutations | |  2.1

Action                   || total
-------------------------++-------
Melee: Unarmed           ||    93
       Headbutt          ||     3
       Kick              ||     6
       Tailslap          ||     8
 Cast: Beastly Appendage ||     7
  Use: Potion            ||     4
 Stab: Sleeping          ||     2
Armor: Skin              ||    34
Dodge: Dodged            ||    84

Table legend: (Time is in decaauts)
 A = Elapsed time spent in this place.
 B = Non-inter-level travel time spent in this place.
 C = Inter-level travel time spent in this place.
 D = Time resting spent in this place.
 E = Time spent auto-exploring this place.
 F = Levels seen in this place.
 G = Mean time per level.
                   A        B        C        D        E       F      G
               +--------+--------+--------+--------+--------+-----+--------+
         Total |   1265 |   1248 |     17 |      0 |    968 |   2 |  632.5 |
       Dungeon |   1265 |   1248 |     17 |      0 |    968 |   2 |  632.5 |
               +--------+--------+--------+--------+--------+-----+--------+

Top non-repeatable levels by time:
     D:1: 1214 daAuts
     D:2: 51 daAuts
